 Dungeon Crawl Stone Soup version 0.21-a0-582-g1b93aee (webtiles) character file.

38 Gaball the Charmwright (level 3, -6/27 HPs)
             Began as a Demonspawn Skald on Dec 19, 2017.
             Mangled by a gnoll (7 damage)
             ... on level 2 of the Dungeon.
             The game lasted 00:02:23 (1463 turns).

Gaball the Charmwright (Demonspawn Skald)           Turns: 1463, Time: 00:02:25

Health: -6/27      AC:  3    Str: 12    XL:     3   Next: 25%
Magic:  5/6        EV: 11    Int: 14    God:
Gold:   47         SH:  0    Dex: 12    Spells: 4/7 levels left

rFire    + . .     SeeInvis .   a - +0 mace
rCold    + . .     Gourm    .   (no shield)
rNeg     . . .     Faith    .   b - +0 leather armour
rPois    +         Spirit   .   (no helmet)
rElec    +         Reflect  .   (no cloak)
rCorr    +         Harm     .   (no gloves)
MR       .....                  (no boots)
Stlth    ++........             (no amulet)
HPRegen  0.09/turn              (no ring)
MPRegen  0.10/turn              (no ring)

@: resistant
A: nightstalker 1
a: no special abilities


You were on level 2 of the Dungeon.
You were near starving.

You visited 1 branch of the dungeon, and saw 2 of its levels.

You collected 47 gold pieces.

Inventory:

Hand Weapons
 a - a +0 mace (weapon)
Armour
 b - a +0 leather armour (worn)
Jewellery
 f - an uncursed ring of protection from cold {unknown}
Scrolls
 h - a scroll of teleportation {unknown}
Books
 c - a book of Battle

   Spells                             Type                      Level
   a - Infusion                       Charms                       1
   b - Shroud of Golubria             Charms/Translocation         2
   c - Song of Slaying                Charms                       2
   d - Spectral Weapon                Hexes/Charms                 3
   e - Regeneration                   Charms/Necromancy            3
Comestibles
 d - a ration


   Skills:
 - Level 2.0 Fighting
 + Level 2.4 Maces & Flails
 - Level 0.8 Armour
 - Level 1.7 Dodging
 + Level 2.5 Spellcasting
 + Level 3.2 Charms


You had 4 spell levels left.
You knew the following spells:

 Your Spells              Type           Power        Failure   Level  Hunger
a - Infusion              Chrm           ##..         8%          1    #......
b - Shroud of Golubria    Chrm/Tloc      #.........   22%         2    ###....


Dungeon Overview and Level Annotations

Branches:
Dungeon (2/15)

Altars:


Innate Abilities, Weirdness & Mutations

You are slightly more attuned to the shadows.


Message History

You sock the adder!
You kill the adder!
The gnoll misses you.
Your magical infusion is running out.
* * * LOW HITPOINT WARNING * * *
You feel sick.
* * * LOW HITPOINT WARNING * * *
You feel sick.
You are no longer magically infusing your attacks.
* * * LOW HITPOINT WARNING * * *
You feel sick.
Okay, then.
As you read the scroll labeled ZEYNGU OLIEKK, it crumbles to dust.
The creatures around you are filled with an inner flame!
It was a scroll of immolation.
* * * LOW HITPOINT WARNING * * *
You feel sick.
You are no longer poisoned.
The gnoll hits you!
You die...

# #. #.####### #
##.......##.####
......bgg@......
###...#......##
.....#.#......# ....
#g#......#
.........%..#.#......#
............#b#....###
............#g#....#
.?.........##.#
...........##.#


You could see 2 gnolls and a bat.

Vanquished Creatures
  An adder (D:2)
  A giant cockroach (D:1)
  2 goblins (D:1)
  11 hobgoblins (D:1)
  2 jackals (D:1)
  7 frilled lizards (D:1)
  2 kobolds (D:1)
26 creatures vanquished.

Notes
Turn   | Place    | Note
-------+----------+-------------------------------------------
     0 | D:1      | Gaball the Demonspawn Skald began the quest for the Orb.
     0 | D:1      | Reached XP level 1. HP: 16/16 MP: 3/3
   388 | D:1      | Gained mutation: You are slightly more attuned to the shadows. [demonic ancestry]
   388 | D:1      | Reached XP level 2. HP: 21/22 MP: 5/5
   616 | D:1      | Reached skill level 3 in Charms
  1337 | D:1      | Reached XP level 3. HP: 21/27 MP: 2/6
  1393 | D:1      | Learned a level 2 spell: Shroud of Golubria
  1463 | D:2      | HP: 1/27 [poisoned by an adder]
  1463 | D:2      | Mangled by a gnoll

Vault maps used:
D:1:      erik_arrival_cave_to_civilisation, minmay_lizard_pond
D:2:      minmay_misc_feat_alley

Skill      XL: |  1  2 |
---------------+-------+-----
Maces & Flails | 2 |  2.4
Charms         | 3 |  3.2
Fighting       | |  2.0
Armour         | |  0.8
Dodging        | |  1.7
Spellcasting   | |  2.5

Action                   || total
-------------------------++-------
Melee: Mace              ||    96
 Cast: Infusion          ||     2
  Use: Scroll            ||     1
       Potion            ||     1
 Stab: Sleeping          ||     1
Armor: Leather armour    ||    37
Dodge: Dodged            ||    78

Table legend:
 A = Spawn XP
 B = Non-spawn XP
 C = Spawn XP percentage of total XP
 D = Spawn monster count
 E = Non-spawn monster count
 F = Spawn count percentage of total count
 G = Total turns spent on level
                    A         B        C        D         E        F      G
               +---------+---------+-------+---------+---------+-------+---------
         Total |       0 |      55 |   0.0 |       0 |      26 |   0.0 |  1463
               +---------+---------+-------+---------+---------+-------+---------
           D:1 |       0 |      41 |   0.0 |       0 |      25 |   0.0 |  1425
           D:2 |       0 |      14 |   0.0 |       0 |       1 |   0.0 |    38
               +---------+---------+-------+---------+---------+-------+---------
